[Event "AUT Bundesliga 2022-23"]
[Site "Jenbach"]
[Date "2022.11.05"]
[Round "3.36"]
[White "Freitag, Manfred"]
[Black "Bacrot, Etienne"]
[Result "0-1"]
[ECO "C02"]
[WhiteElo "2357"]
[BlackElo "2646"]
[Annotator "ChessBase"]
[PlyCount "86"]
[EventDate "2022.11.03"]
[EventType "team-tourn"]
[EventCountry "AUT"]
[SourceTitle "playchess.com"]
[Source "ChessBase"]
[SourceQuality "1"]
[TimeControl "40/5400+30:1800+30"]

1. e4 e6 2. d4 d5 3. e5 c5 4. c3 Nc6 5. Nf3 Bd7 6. Be2 f6 7. O-O fxe5 8. Nxe5 Nxe5 9. dxe5 Qc7 10. Re1 O-O-O 11. Bf1 Kb8 12. a4 Nh6 13. Na3 c4 14. Bg5 Rc8 15. Nc2 Nf7 16. Bf4 g5 17. Be3 Bg7 18. f4 gxf4 19. Bxf4 Rcf8 20. Qh5 Nd8 21. Qg5 Rhg8 22. Bg3 Nc6 23. Qe3 Qb6 24. Qxb6 axb6 25. Bf2 Kc7 26. Nd4 Nxd4 27. Bxd4 Ra8 28. b3 cxb3 29. Bb5 Bxb5 30. axb5 Ra5 31. Reb1 Rxb5 32. Ra3 b2 33. Ra2 Bf8 34. Raxb2 Rxb2 35. Rxb2 Bc5 36. Kf2 Kc6 37. Ke3 b5 38. Rf2 Bxd4+ 39. cxd4 b4 40. Rf6 Kb5 41. Rxe6 b3 42. Re7 b6 43. Rf7 b2 0-1

[Event "AUT Bundesliga 2022-23"]
[Site "Jenbach"]
[Date "2022.11.06"]
[Round "4.1"]
[White "Idani, Pouya"]
[Black "Markus, Robert"]
[Result "1-0"]
[ECO "C43"]
[WhiteElo "2623"]
[BlackElo "2615"]
[Annotator "ChessBase"]
[PlyCount "61"]
[EventDate "2022.11.03"]
[EventType "team-tourn"]
[EventCountry "AUT"]
[SourceTitle "playchess.com"]
[Source "ChessBase"]
[SourceQuality "1"]
[TimeControl "40/5400+30:1800+30"]

1. e4 e5 2. Nf3 Nf6 3. d4 Nxe4 4. Bd3 d5 5. Nxe5 Nd7 6. Nc3 Nxc3 7. bxc3 Bd6 8. O-O O-O 9. Bf4 Bxe5 10. dxe5 Nc5 11. Be3 Nxd3 12. cxd3 Re8 13. d4 Bf5 14. Qd2 Qd7 15. h3 Qb5 16. Rad1 a5 17. g4 Bg6 18. f4 f5 19. exf6 gxf6 20. f5 Bf7 21. Rde1 Re4 22. g5 Bh5 23. Qg2 Kf7 24. Qg3 Rae8 25. Qxc7+ R4e7 26. Qg3 Be2 27. gxf6 Rg8 28. Qxg8+ Kxg8 29. fxe7 Bxf1 30. Bg5 Be2 31. c4 1-0

[Event "AUT Bundesliga 2022-23"]
[Site "Jenbach"]
[Date "2022.11.06"]
[Round "4.2"]
[White "Horvath, Dominik"]
[Black "Janzelj, Tim"]
[Result "0-1"]
[ECO "B15"]
[WhiteElo "2505"]
[BlackElo "2456"]
[Annotator "ChessBase"]
[PlyCount "48"]
[EventDate "2022.11.03"]
[EventType "team-tourn"]
[EventCountry "AUT"]
[SourceTitle "playchess.com"]
[Source "ChessBase"]
[SourceQuality "1"]
[TimeControl "40/5400+30:1800+30"]

1. e4 c6 2. d4 d5 3. Nd2 dxe4 4. Nxe4 Nf6 5. Nxf6+ exf6 6. c3 Bd6 7. Bd3 O-O 8. Qc2 Re8+ 9. Be3 h5 10. Nf3 Nd7 11. O-O-O Nf8 12. h3 Be6 13. Kb1 b5 14. Nh4 Bd5 15. g4 Bxh1 16. Rxh1 g5 17. gxh5 gxh4 18. Rg1+ Kh8 19. Bh6 Ne6 20. Bg7+ Nxg7 21. Qd2 Nf5 22. Bxf5 Bf8 23. h6 Qd5 24. Qf4 Bd6 0-1

[Event "AUT Bundesliga 2022-23"]
[Site "Jenbach"]
[Date "2022.11.06"]
[Round "4.3"]
[White "Sebenik, Matej"]
[Black "Korpa, Bence"]
[Result "0-1"]
[ECO "D78"]
[WhiteElo "2518"]
[BlackElo "2496"]
[Annotator "ChessBase"]
[PlyCount "68"]
[EventDate "2022.11.03"]
[EventType "team-tourn"]
[EventCountry "AUT"]
[SourceTitle "playchess.com"]
[Source "ChessBase"]
[SourceQuality "1"]
[TimeControl "40/5400+30:1800+30"]

1. Nf3 d5 2. g3 g6 3. Bg2 Bg7 4. d4 Nf6 5. O-O O-O 6. c4 c6 7. Nc3 dxc4 8. e4 Bg4 9. h3 Bxf3 10. Bxf3 e5 11. dxe5 Nfd7 12. e6 fxe6 13. Be3 Ne5 14. Be2 Nd3 15. Qc2 Na6 16. Rad1 Nab4 17. Qd2 Bd4 18. Bxd3 Nxd3 19. b3 Qb6 20. bxc4 Bxe3 21. Qxe3 Qxe3 22. fxe3 Rfd8 23. Ne2 e5 24. Rd2 Nc5 25. Rfd1 Rxd2 26. Rxd2 Kf7 27. Nc3 Ke7 28. g4 Rd8 29. Rxd8 Kxd8 30. g5 Kc7 31. Kg2 Kb6 32. h4 Nd3 33. Nb1 Nc1 34. a3 Nb3 0-1

[Event "AUT Bundesliga 2022-23"]
[Site "Jenbach"]
[Date "2022.11.06"]
[Round "4.4"]
[White "Nagy, Gabor"]
[Black "Diermair, Andreas"]
[Result "1/2-1/2"]
[ECO "A11"]
[WhiteElo "2488"]
[BlackElo "2455"]
[Annotator "ChessBase"]
[PlyCount "70"]
[EventDate "2022.11.03"]
[EventType "team-tourn"]
[EventCountry "AUT"]
[SourceTitle "playchess.com"]
[Source "ChessBase"]
[SourceQuality "1"]
[TimeControl "40/5400+30:1800+30"]

1. c4 c6 2. Nf3 d5 3. e3 Nf6 4. b3 g6 5. Bb2 Bg7 6. d4 O-O 7. Nbd2 b6 8. Rc1 Bb7 9. Bd3 Nbd7 10. O-O c5 11. Qe2 e6 12. Rfd1 Qe7 13. cxd5 Nxd5 14. Nc4 Rfd8 15. Bb1 cxd4 16. Nxd4 Nc5 17. g3 e5 18. Nb5 Ba6 19. Nba3 Rac8 20. e4 Nb4 21. Rxd8+ Rxd8 22. Rd1 Nc6 23. Rxd8+ Qxd8 24. Kg2 Nd4 25. Qe3 Bb7 26. b4 Nce6 27. Kf1 Qc7 28. Bd3 a6 29. Nb1 b5 30. Na5 Ba8 31. Nc3 Qd6 32. a3 h5 33. h4 Kh7 34. Bb1 Bh6 35. Qd3 Bg7 1/2-1/2

[Event "AUT Bundesliga 2022-23"]
[Site "Jenbach"]
[Date "2022.11.06"]
[Round "4.5"]
[White "Schreiner, Peter"]
[Black "Mesaros, Florian"]
[Result "1/2-1/2"]
[ECO "A33"]
[WhiteElo "2404"]
[BlackElo "2404"]
[Annotator "ChessBase"]
[PlyCount "39"]
[EventDate "2022.11.03"]
[EventType "team-tourn"]
[EventCountry "AUT"]
[SourceTitle "playchess.com"]
[Source "ChessBase"]
[SourceQuality "1"]
[TimeControl "40/5400+30:1800+30"]

1. c4 c5 2. Nf3 Nc6 3. d4 cxd4 4. Nxd4 Nf6 5. Nc3 e6 6. Bf4 d5 7. cxd5 Nxd5 8. Nxc6 bxc6 9. Bd2 Bc5 10. Na4 Bd4 11. e3 Be5 12. Qc2 O-O 13. Bd3 Qh4 14. g3 Qh5 15. f4 Bf6 16. Be2 Qh3 17. Bf1 Qh5 18. Be2 Qh3 19. Bf1 Qh5 20. Be2 1/2-1/2

[Event "AUT Bundesliga 2022-23"]
[Site "Jenbach"]
[Date "2022.11.06"]
[Round "4.6"]
[White "Freitag, Manfred"]
[Black "Hoefelsauer, Thomas"]
[Result "0-1"]
[ECO "B12"]
[WhiteElo "2357"]
[BlackElo "2349"]
[Annotator "ChessBase"]
[PlyCount "136"]
[EventDate "2022.11.03"]
[EventType "team-tourn"]
[EventCountry "AUT"]
[SourceTitle "playchess.com"]
[Source "ChessBase"]
[SourceQuality "1"]
[TimeControl "40/5400+30:1800+30"]

1. e4 c6 2. d4 d5 3. e5 Bf5 4. h4 h5 5. Bd3 Bxd3 6. Qxd3 Qa5+ 7. Nd2 e6 8. Ngf3 Nh6 9. O-O Nf5 10. Nb3 Qb5 11. Qd1 c5 12. a4 Qb6 13. dxc5 Bxc5 14. c3 Be7 15. a5 Qa6 16. Nbd4 Nxd4 17. Nxd4 Nc6 18. Qa4 O-O 19. Nf3 b5 20. Qc2 b4 21. Bg5 Rfc8 22. Rfc1 Rab8 23. Qd2 bxc3 24. bxc3 Bf8 25. Ra4 Ne7 26. Qd4 Nf5 27. Qf4 Rb2 28. Nd4 Nxd4 29. cxd4 Rxc1+ 30. Qxc1 Qe2 31. Be3 Bb4 32. Ra1 Rc2 33. Qb1 Rb2 34. Qc1 Qc2 35. a6 Qxc1+ 36. Rxc1 Ba5 37. g4 hxg4 38. Rc8+ Kh7 39. h5 Bb6 40. Kg2 Rb4 41. Rf8 Bxd4 42. Bxd4 Rxd4 43. Rxf7 Ra4 44. Rxa7 Kh6 45. Ra8 Kxh5 46. a7 Kg5 47. Kf1 Ra2 48. Ke1 d4 49. Kd1 d3 50. Ke1 g3 51. fxg3 Kg4 52. Kd1 Kxg3 53. Re8 Rxa7 54. Rxe6 Kf4 55. Kd2 Kf5 56. Rb6 Re7 57. Kxd3 Rxe5 58. Rb1 g5 59. Rf1+ Kg4 60. Kd4 Re2 61. Kd3 Ra2 62. Ke3 Kg3 63. Rg1+ Rg2 64. Rh1 g4 65. Ra1 Rb2 66. Rg1+ Kh3 67. Kf4 Rf2+ 68. Kg5 g3 0-1

[Event "AUT Bundesliga 2022-23"]
[Site "Jenbach"]
[Date "2022.11.06"]
[Round "4.7"]
[White "Bluebaum, Matthias"]
[Black "Vachier-Lagrave, Maxime"]
[Result "1/2-1/2"]
[ECO "D94"]
[WhiteElo "2647"]
[BlackElo "2747"]
[Annotator "ChessBase"]
[PlyCount "62"]
[EventDate "2022.11.03"]
[EventType "team-tourn"]
[EventCountry "AUT"]
[SourceTitle "playchess.com"]
[Source "ChessBase"]
[SourceQuality "1"]
[TimeControl "40/5400+30:1800+30"]

1. d4 Nf6 2. c4 g6 3. Nc3 d5 4. Nf3 Bg7 5. e3 O-O 6. cxd5 Nxd5 7. Bc4 Nb6 8. Bb3 c5 9. O-O Bg4 10. dxc5 N6d7 11. Na4 Qc7 12. h3 Bxf3 13. Qxf3 Na6 14. Bd2 Ndxc5 15. Rac1 Rac8 16. Nxc5 Nxc5 17. Bb4 b6 18. Bxc5 bxc5 19. Rc2 e6 20. Bc4 Rfd8 21. Rd1 Rxd1+ 22. Qxd1 Rd8 23. Rd2 Bf6 24. Rxd8+ Qxd8 25. Qxd8+ Bxd8 26. Kf1 Kf8 27. Ke2 Ke7 28. Kd3 Kd6 29. b3 g5 30. g4 h6 31. Ke4 Ba5 1/2-1/2

[Event "AUT Bundesliga 2022-23"]
[Site "Jenbach"]
[Date "2022.11.06"]
[Round "4.8"]
[White "Esipenko, Andrey"]
[Black "Svane, Rasmus"]
[Result "1/2-1/2"]
[ECO "A29"]
[WhiteElo "2668"]
[BlackElo "2615"]
[Annotator "ChessBase"]
[PlyCount "79"]
[EventDate "2022.11.03"]
[EventType "team-tourn"]
[EventCountry "AUT"]
[SourceTitle "playchess.com"]
[Source "ChessBase"]
[SourceQuality "1"]
[TimeControl "40/5400+30:1800+30"]

1. c4 Nf6 2. Nc3 e5 3. Nf3 Nc6 4. g3 d5 5. cxd5 Nxd5 6. Bg2 Bc5 7. O-O O-O 8. Nxd5 Qxd5 9. d3 Qd6 10. Nd2 Qg6 11. a3 Bg4 12. b4 Bb6 13. Nc4 Qh5 14. Ra2 Nd4 15. Re1 c6 16. a4 Rad8 17. Be3 Rfe8 18. b5 cxb5 19. Nxb6 axb6 20. axb5 Nxb5 21. Rb2 Nd4 22. Bxb7 e4 23. Bxd4 Rxd4 24. Qc1 exd3 25. exd3 Red8 26. Be4 f5 27. Bg2 h6 28. Bf1 Bf3 29. Qc7 R4d7 30. Qf4 Rd4 31. Qc7 R4d7 32. Qxb6 Kh7 33. Qe3 Ba8 34. Rb4 Rd6 35. Rf4 Qf7 36. Qe5 Rf6 37. Rb4 Qd7 38. Bg2 Bxg2 39. Kxg2 Qxd3 40. Qe3 1/2-1/2

[Event "AUT Bundesliga 2022-23"]
[Site "Jenbach"]
[Date "2022.11.06"]
[Round "4.9"]
[White "Donchenko, Alexander"]
[Black "Maghsoodloo, Parham"]
[Result "1/2-1/2"]
[ECO "E10"]
[WhiteElo "2646"]
[BlackElo "2721"]
[Annotator "ChessBase"]
[PlyCount "60"]
[EventDate "2022.11.03"]
[EventType "team-tourn"]
[EventCountry "AUT"]
[SourceTitle "playchess.com"]
[Source "ChessBase"]
[SourceQuality "1"]
[TimeControl "40/5400+30:1800+30"]

1. d4 Nf6 2. c4 e6 3. Nf3 h6 4. g3 Bb4+ 5. Nbd2 O-O 6. Bg2 d5 7. O-O b6 8. b3 Bb7 9. Bb2 Nbd7 10. Rc1 Rc8 11. Ne5 Nxe5 12. dxe5 Ne4 13. Nxe4 dxe4 14. a3 Qxd1 15. Rfxd1 Be7 16. b4 Rfd8 17. Kf1 c5 18. b5 Bg5 19. e3 Rxd1+ 20. Rxd1 Rd8 21. Rxd8+ Bxd8 22. h4 g5 23. hxg5 hxg5 24. g4 a5 25. a4 Kf8 26. Ke2 Kg8 27. Kf1 Kf8 28. Ke2 Kg8 29. Kf1 Kg7 30. Ke2 Kh6 1/2-1/2

[Event "AUT Bundesliga 2022-23"]
[Site "Jenbach"]
[Date "2022.11.06"]
[Round "4.10"]
[White "Alekseenko, Kirill"]
[Black "Wagner, Dennis"]
[Result "1/2-1/2"]
[ECO "C50"]
[WhiteElo "2691"]
[BlackElo "2570"]
[Annotator "ChessBase"]
[PlyCount "77"]
[EventDate "2022.11.03"]
[EventType "team-tourn"]
[EventCountry "AUT"]
[SourceTitle "playchess.com"]
[Source "ChessBase"]
[SourceQuality "1"]
[TimeControl "40/5400+30:1800+30"]

1. e4 e5 2. Nf3 Nc6 3. Bc4 Bc5 4. d3 Nf6 5. a4 a5 6. Nc3 d6 7. Be3 Bxe3 8. fxe3 O-O 9. Qe2 Nb4 10. O-O Qe7 11. h3 Be6 12. Bxe6 Qxe6 13. Rf2 Nd7 14. d4 d5 15. Raf1 h6 16. Nxe5 Nxe5 17. dxe5 dxe4 18. Rf5 Nc6 19. Nb5 Rac8 20. Qe1 Ne7 21. Nd4 Qg6 22. R5f4 h5 23. Qh4 Rce8 24. Kh1 Nd5 25. R4f2 Rxe5 26. Nf5 Rfe8 27. c4 Nb4 28. g4 hxg4 29. Rf4 Nd3 30. Rxg4 Rxf5 31. Rxg6 Rxf1+ 32. Rg1 Rxg1+ 33. Kxg1 Nxb2 34. Qf4 c6 35. Qc7 Nxc4 36. Qxb7 Ne5 37. Qc7 Nf3+ 38. Kf2 Re5 39. Qxc6 1/2-1/2

[Event "AUT Bundesliga 2022-23"]
[Site "Jenbach"]
[Date "2022.11.06"]
[Round "4.11"]
[White "Acs, Peter"]
[Black "Moussard, Jules"]
[Result "1/2-1/2"]
[ECO "B52"]
[WhiteElo "2572"]
[BlackElo "2686"]
[Annotator "ChessBase"]
[PlyCount "105"]
[EventDate "2022.11.03"]
[EventType "team-tourn"]
[EventCountry "AUT"]
[SourceTitle "playchess.com"]
[Source "ChessBase"]
[SourceQuality "1"]
[TimeControl "40/5400+30:1800+30"]

1. e4 c5 2. Nf3 d6 3. Bb5+ Bd7 4. c4 Nc6 5. d4 cxd4 6. Nxd4 Nf6 7. Nc3 g6 8. O-O Bg7 9. Bxc6 bxc6 10. c5 O-O 11. cxd6 exd6 12. Bf4 Re8 13. Re1 Qb6 14. Nb3 d5 15. Bg5 Bg4 16. Qc2 Nxe4 17. Be3 Qb4 18. Nxe4 Qxe4 19. Qxe4 dxe4 20. Bd4 Be6 21. Rxe4 Bxb3 22. Rxe8+ Rxe8 23. Bxg7 Kxg7 24. axb3 Re2 25. Rb1 Rc2 26. h4 h5 27. g3 a5 28. Kg2 Kf6 29. Ra1 Rxb2 30. Rc1 Rxb3 31. Rxc6+ Ke7 32. Ra6 Rb5 33. Kf3 Kd7 34. Ke3 Re5+ 35. Kd4 Rf5 36. f4 Rb5 37. Kc4 Rb4+ 38. Kd5 a4 39. Ke5 Ke7 40. Ra7+ Kf8 41. f5 Rb5+ 42. Ke4 gxf5+ 43. Kf4 Rb4+ 44. Kxf5 Rg4 45. Kf6 Ke8 46. Ra5 Kd7 47. Rxh5 Rxg3 48. Ra5 a3 49. Kxf7 Kc6 50. h5 Kb6 51. Ra8 Rh3 52. h6 Rxh6 53. Rxa3 1/2-1/2

[Event "AUT Bundesliga 2022-23"]
[Site "Jenbach"]
[Date "2022.11.06"]
[Round "4.12"]
[White "Naiditsch, Arkadij"]
[Black "Buhmann, Rainer"]
[Result "1/2-1/2"]
[ECO "A06"]
[WhiteElo "2667"]
[BlackElo "2561"]
[Annotator "ChessBase"]
[PlyCount "137"]
[EventDate "2022.11.03"]
[EventType "team-tourn"]
[EventCountry "AUT"]
[SourceTitle "playchess.com"]
[Source "ChessBase"]
[SourceQuality "1"]
[TimeControl "40/5400+30:1800+30"]

1. Nf3 d5 2. g3 Nf6 3. Bg2 e6 4. O-O Be7 5. d3 b6 6. e4 dxe4 7. Nfd2 Bb7 8. dxe4 e5 9. Nc3 O-O 10. a3 Re8 11. Re1 Bc5 12. Nd5 c6 13. Ne3 Qc7 14. g4 Bxe3 15. Rxe3 Ba6 16. Rh3 Nfd7 17. Nf3 Nf8 18. Nh4 Nbd7 19. Nf5 Nc5 20. g5 Rad8 21. Qg4 Nce6 22. Be3 Nf4 23. Bxf4 exf4 24. Rc3 c5 25. h4 Qe5 26. h5 Rd2 27. Bf1 Bxf1 28. Rxf1 g6 29. hxg6 fxg6 30. Nh4 Qxe4 31. Rf3 Qe6 32. Qg2 Qd5 33. Rxf4 Qxg2+ 34. Nxg2 Re5 35. Re1 Rxe1+ 36. Nxe1 Ne6 37. Re4 Nxg5 38. Re3 Kf7 39. b4 Ne6 40. c4 Kf6 41. Nd3 Rc2 42. Ne5 cxb4 43. axb4 Kf5 44. Nc6 Rxc4 45. Ne7+ Kf6 46. Nd5+ Kf7 47. Ra3 Ng5 48. Rxa7+ Ke6 49. Nxb6 Rxb4 50. Nd7 Rf4 51. Nc5+ Kf6 52. Nd7+ Kf5 53. Ra5+ Kg4 54. Ne5+ Kh4 55. Kg2 Re4 56. Rb5 Rf4 57. Rb1 Ne4 58. f3 Nc3 59. Rb7 Kg5 60. Rxh7 Ra4 61. Nf7+ Kf6 62. Nd6 Ke5 63. Nf7+ Kf6 64. Nd8 g5 65. Rh6+ Kf5 66. Ne6 Nd5 67. Kg3 Nf4 68. Ng7+ Ke5 69. Rh2 1/2-1/2

[Event "AUT Bundesliga 2022-23"]
[Site "Jenbach"]
[Date "2022.11.06"]
[Round "4.13"]
[White "Rozentalis, Eduardas"]
[Black "Saric, Ivan"]
[Result "1/2-1/2"]
[ECO "B22"]
[WhiteElo "2500"]
[BlackElo "2668"]
[Annotator "ChessBase"]
[PlyCount "129"]
[EventDate "2022.11.03"]
[EventType "team-tourn"]
[EventCountry "AUT"]
[SourceTitle "playchess.com"]
[Source "ChessBase"]
[SourceQuality "1"]
[TimeControl "40/5400+30:1800+30"]

1. e4 c5 2. c3 d5 3. exd5 Nf6 4. Nf3 Nxd5 5. d4 e6 6. Bd3 Be7 7. O-O O-O 8. Qe2 Nd7 9. Re1 Qc7 10. Ne5 cxd4 11. cxd4 Nxe5 12. dxe5 Rd8 13. Bd2 b5 14. Rc1 Qb6 15. Nc3 Bb7 16. Nxd5 Bxd5 17. Be3 Qb7 18. f3 b4 19. Ba6 Qb8 20. Bf2 h5 21. b3 Bg5 22. Rc2 Bb7 23. Bc4 a5 24. Re1 g6 25. Bc5 Bd5 26. Bd6 Qa7+ 27. Qf2 Rdc8 28. Qxa7 Rxa7 29. Ree2 Bxc4 30. Rxc4 Rxc4 31. bxc4 Ra6 32. g3 f6 33. f4 fxe5 34. fxe5 Rc6 35. c5 a4 36. Kf2 Bc1 37. Re4 Ba3 38. Re3 b3 39. axb3 axb3 40. Rxb3 Bxc5+ 41. Bxc5 Rxc5 42. Re3 g5 43. Kf3 Kg7 44. g4 h4 45. h3 Kf7 46. Ke4 Rc4+ 47. Kf3 Rf4+ 48. Kg2 Ke7 49. Ra3 Re4 50. Ra7+ Ke8 51. Kf3 Rxe5 52. Rg7 Kf8 53. Rh7 Kg8 54. Re7 Re1 55. Kf2 Kf8 56. Rh7 Rb1 57. Kf3 Rb3+ 58. Ke4 Kg8 59. Re7 Rxh3 60. Rxe6 Kf7 61. Ra6 Rc3 62. Ra7+ Ke6 63. Ra6+ Ke7 64. Ra5 Kf6 65. Ra6+ 1/2-1/2

[Event "AUT Bundesliga 2022-23"]
[Site "Jenbach"]
[Date "2022.11.06"]
[Round "4.14"]
[White "Brkic, Ante"]
[Black "Baenziger, Fabian"]
[Result "1/2-1/2"]
[ECO "B90"]
[WhiteElo "2602"]
[BlackElo "2439"]
[Annotator "ChessBase"]
[PlyCount "179"]
[EventDate "2022.11.03"]
[EventType "team-tourn"]
[EventCountry "AUT"]
[SourceTitle "playchess.com"]
[Source "ChessBase"]
[SourceQuality "1"]
[TimeControl "40/5400+30:1800+30"]

1. e4 c5 2. Nf3 d6 3. d4 cxd4 4. Nxd4 Nf6 5. Nc3 a6 6. Bd3 e5 7. Nde2 Be7 8. O-O O-O 9. Ng3 Be6 10. Nd5 Bxd5 11. exd5 g6 12. c4 Nbd7 13. Bh6 Re8 14. Rc1 Nc5 15. Bb1 a5 16. b3 Rb8 17. f4 exf4 18. Bxf4 Nfd7 19. Rc3 Bf6 20. Rcf3 Be5 21. Bd2 b5 22. cxb5 Rxb5 23. Kh1 Qh4 24. Be1 Nf6 25. Rxf6 Bxf6 26. Ne4 Qxe4 27. Bxe4 Nxe4 28. g4 Re5 29. Qf3 Rbxd5 30. h4 h5 31. Kg2 hxg4 32. Qxg4 Re6 33. Rf4 Nc5 34. Bg3 Be5 35. Rf3 Bxg3 36. Qxg3 Rd2+ 37. Kh3 Ne4 38. Qg1 Rxa2 39. Qa7 Rf6 40. Qa8+ Kg7 41. Qxe4 Rxf3+ 42. Qxf3 Rc2 43. Qd3 Rc5 44. Kg4 Rh5 45. Qxd6 Rb5 46. Qd3 Rh5 47. Qd4+ Kg8 48. Qc3 Rb5 49. Qc6 Rh5 50. Qc8+ Kg7 51. Qd7 Kg8 52. Qd8+ Kg7 53. Qd4+ Kg8 54. Kf3 Rf5+ 55. Ke3 Rh5 56. Kd3 Rf5 57. Qd8+ Kg7 58. Ke4 Rh5 59. Kd3 Rf5 60. Qc8 Rh5 61. Ke4 Rb5 62. Qc3+ Kg8 63. Qf6 Rh5 64. Kd4 Rb5 65. Kc4 Rf5 66. Qd4 Rh5 67. Kc3 Rf5 68. Kb2 Rh5 69. Ka3 Rf5 70. Ka4 Rh5 71. Qc3 Kh7 72. Qf3 Rf5 73. Qa8 Kg7 74. Qd8 Rh5 75. Qd4+ Kg8 76. Qc3 Kh7 77. Ka3 Rf5 78. Qd4 Kg8 79. Kb2 Rh5 80. Qg4 Kg7 81. Kc3 Rf5 82. Kd3 Rb5 83. Qd4+ Kg8 84. Qc3 Rf5 85. Kd4 Rh5 86. Ke4 Rb5 87. Qc8+ Kg7 88. Qc3+ Kg8 89. Qc8+ Kg7 90. Qc3+ 1/2-1/2

[Event "AUT Bundesliga 2022-23"]
[Site "Jenbach"]
[Date "2022.11.06"]
[Round "4.15"]
[White "Atlas, Valery"]
[Black "Livaic, Leon"]
[Result "0-1"]
[ECO "C18"]
[WhiteElo "2412"]
[BlackElo "2574"]
[Annotator "ChessBase"]
[PlyCount "102"]
[EventDate "2022.11.03"]
[EventType "team-tourn"]
[EventCountry "AUT"]
[SourceTitle "playchess.com"]
[Source "ChessBase"]
[SourceQuality "1"]
[TimeControl "40/5400+30:1800+30"]

1. e4 e6 2. d4 d5 3. Nc3 Bb4 4. e5 c5 5. a3 Bxc3+ 6. bxc3 Nc6 7. h4 Bd7 8. h5 Qa5 9. Bd2 O-O-O 10. Rb1 f6 11. Rb5 Qc7 12. Rxc5 fxe5 13. Nf3 Nf6 14. Nxe5 Ne4 15. Rxc6 Bxc6 16. f3 Nxd2 17. Kxd2 Qe7 18. Qe1 Kb8 19. g4 Rc8 20. Bd3 Ka8 21. Qa1 Rc7 22. a4 Bd7 23. Qb2 Rhc8 24. Rb1 Bxa4 25. Qb4 Qxb4 26. Rxb4 b5 27. c4 a5 28. Rb1 bxc4 29. Bxh7 c3+ 30. Ke3 Be8 31. Ra1 Ra7 32. Bg8 Ra6 33. Bf7 Bxf7 34. Nxf7 a4 35. Ra3 Kb7 36. g5 Kb6 37. h6 gxh6 38. gxh6 Ra7 39. Ng5 Kb5 40. f4 Kb4 41. Ra1 a3 42. Rb1+ Ka4 43. Ra1 Rh8 44. Nxe6 Rxh6 45. Nc5+ Kb5 46. f5 a2 47. Kf4 Rh2 48. Ke5 Rxc2 49. Kxd5 Rb2 50. Ne4 Kb4 51. f6 c2 0-1

[Event "AUT Bundesliga 2022-23"]
[Site "Jenbach"]
[Date "2022.11.06"]
[Round "4.16"]
[White "Kuljasevic, Davorin"]
[Black "Brunner, Nicolas"]
[Result "1-0"]
[ECO "E00"]
[WhiteElo "2560"]
[BlackElo "2448"]
[Annotator "ChessBase"]
[PlyCount "133"]
[EventDate "2022.11.03"]
[EventType "team-tourn"]
[EventCountry "AUT"]
[SourceTitle "playchess.com"]
[Source "ChessBase"]
[SourceQuality "1"]
[TimeControl "40/5400+30:1800+30"]

1. d4 Nf6 2. c4 e6 3. Bf4 Bb4+ 4. Nd2 O-O 5. a3 Bxd2+ 6. Qxd2 b6 7. e3 Bb7 8. f3 d6 9. Ne2 Nbd7 10. Nc3 e5 11. Bg5 h6 12. Bh4 exd4 13. Qxd4 g5 14. Bf2 Nc5 15. Rd1 Qe7 16. Be2 a5 17. O-O a4 18. Rfe1 Rfd8 19. e4 Nfd7 20. Bf1 Ne5 21. Nd5 Bxd5 22. cxd5 Rf8 23. Qc3 f5 24. exf5 Rxf5 25. Bd4 Nb3 26. Bxe5 Rxe5 27. Rxe5 dxe5 28. Re1 Qc5+ 29. Qxc5 Nxc5 30. Rxe5 Kf7 31. Bb5 Ra5 32. Be8+ Kf6 33. Re3 Ra8 34. Kf1 Rd8 35. Bc6 Rd6 36. Ke2 Nd7 37. Rc3 Nc5 38. Re3 Nd7 39. Re8 Ne5 40. Rf8+ Kg6 41. Bxa4 Rxd5 42. Bc2+ Kg7 43. Rf5 Rc5 44. Be4 Nd7 45. Rxc5 Nxc5 46. b4 Ne6 47. a4 Kf6 48. a5 bxa5 49. bxa5 Nd4+ 50. Kd3 Nb5 51. Kc4 Na7 52. Kd5 Ke7 53. a6 Kf6 54. g3 Ke7 55. f4 gxf4 56. gxf4 Kf6 57. f5 Ke7 58. Ke5 Kf7 59. f6 Nb5 60. Bd5+ Kf8 61. Bc4 Nd6 62. Bd3 Nc8 63. Ke6 c5 64. Kd7 c4 65. Bxc4 Nb6+ 66. Kc7 Nxc4 67. a7 1-0

[Event "AUT Bundesliga 2022-23"]
[Site "Jenbach"]
[Date "2022.11.06"]
[Round "4.17"]
[White "Breder, Dennis"]
[Black "Bosiocic, Marin"]
[Result "0-1"]
[ECO "B30"]
[WhiteElo "2450"]
[BlackElo "2548"]
[Annotator "ChessBase"]
[PlyCount "68"]
[EventDate "2022.11.03"]
[EventType "team-tourn"]
[EventCountry "AUT"]
[SourceTitle "playchess.com"]
[Source "ChessBase"]
[SourceQuality "1"]
[TimeControl "40/5400+30:1800+30"]

1. e4 c5 2. Nf3 Nc6 3. Bb5 e6 4. Bxc6 bxc6 5. d3 Ne7 6. Nbd2 d6 7. e5 d5 8. b3 Nf5 9. Bb2 a5 10. a4 Qb6 11. g4 Ne7 12. Nh4 c4 13. dxc4 Ba6 14. Qe2 Ng6 15. Nxg6 hxg6 16. Qf3 Bc5 17. O-O-O g5 18. cxd5 cxd5 19. Kb1 Rc8 20. Rc1 Bxf2 21. c4 Be3 22. Rc2 Bb7 23. Re1 d4 24. Qg3 d3 25. Rxe3 dxc2+ 26. Kxc2 Rxh2 27. Qxh2 Qxe3 28. Qh8+ Kd7 29. Qxg7 Be4+ 30. Nxe4 Qxe4+ 31. Kc3 Qf3+ 32. Kc2 Qf2+ 33. Kc3 Rb8 34. Ba3 Qe3+ 0-1

[Event "AUT Bundesliga 2022-23"]
[Site "Jenbach"]
[Date "2022.11.06"]
[Round "4.18"]
[White "Rogic, Davor"]
[Black "Atlas, Dmitry"]
[Result "1/2-1/2"]
[ECO "C06"]
[WhiteElo "2452"]
[BlackElo "2238"]
[Annotator "ChessBase"]
[PlyCount "88"]
[EventDate "2022.11.03"]
[EventType "team-tourn"]
[EventCountry "AUT"]
[SourceTitle "playchess.com"]
[Source "ChessBase"]
[SourceQuality "1"]
[TimeControl "40/5400+30:1800+30"]

1. e4 e6 2. d4 d5 3. Nd2 Nf6 4. e5 Nfd7 5. Bd3 c5 6. c3 Nc6 7. Ne2 cxd4 8. cxd4 f6 9. exf6 Nxf6 10. Nf3 Bd6 11. O-O Qc7 12. Bd2 O-O 13. Rc1 Bd7 14. Ng3 Rae8 15. Re1 Qb8 16. Bc3 e5 17. dxe5 Nxe5 18. Nxe5 Bxe5 19. Qb3 Bxc3 20. Qxc3 Qf4 21. Rxe8 Rxe8 22. Ne2 Qg5 23. Re1 Bf5 24. h4 Qg6 25. Nf4 Rxe1+ 26. Qxe1 Qg4 27. g3 Bxd3 28. Nxd3 h6 29. Nf4 Qf5 30. Qe6+ Qxe6 31. Nxe6 b6 32. f3 Kf7 33. Nd4 g5 34. hxg5 hxg5 35. b4 a5 36. bxa5 bxa5 37. Nb3 a4 38. Nc5 a3 39. Kf2 g4 40. fxg4 Nxg4+ 41. Ke2 Ke7 42. Nd3 Kd6 43. Ne1 Nf6 44. Nc2 Ke5 1/2-1/2

[Event "AUT Bundesliga 2022-23"]
[Site "Jenbach"]
[Date "2022.11.06"]
[Round "4.19"]
[White "Dragnev, Valentin"]
[Black "Ragger, Markus"]
[Result "1/2-1/2"]
[ECO "D86"]
[WhiteElo "2544"]
[BlackElo "2632"]
[Annotator "ChessBase"]
[PlyCount "81"]
[EventDate "2022.11.03"]
[EventType "team-tourn"]
[EventCountry "AUT"]
[SourceTitle "playchess.com"]
[Source "ChessBase"]
[SourceQuality "1"]
[TimeControl "40/5400+30:1800+30"]

1. d4 Nf6 2. c4 g6 3. Nc3 d5 4. cxd5 Nxd5 5. e4 Nxc3 6. bxc3 Bg7 7. Bc4 c5 8. Ne2 Nc6 9. Be3 O-O 10. O-O e6 11. dxc5 Qa5 12. f4 Rd8 13. Qe1 Qa4 14. Bb3 Qxe4 15. Ng3 Qd3 16. Rd1 Qxc3 17. Rxd8+ Nxd8 18. Qxc3 Bxc3 19. Ne4 Bg7 20. Rd1 Nc6 21. h3 Kf8 22. g4 Ke7 23. Nd6 Rb8 24. Bf2 h6 25. Bh4+ Bf6 26. Bf2 Bg7 27. Ba4 e5 28. Bh4+ Bf6 29. Bxf6+ Kxf6 30. Bxc6 bxc6 31. Nxc8 Rxc8 32. Rd6+ Ke7 33. fxe5 Rb8 34. Rxc6 Rb1+ 35. Kf2 Rb2+ 36. Kf3 Rxa2 37. Ke4 Re2+ 38. Kd5 Rd2+ 39. Ke4 Re2+ 40. Kd5 Rd2+ 41. Ke4 1/2-1/2